Edmonton Oilers vs Chicago Black Hawks
Created - Tuesday, November 5, 2024 at 08:55
Goals
|
| Edmonton Oilers |
2 |
2 |
1 |
5 |
| Chicago Black Hawks |
1 |
0 |
1 |
2 |
|
Shots
|
| Edmonton Oilers |
18 |
9 |
6 |
33 |
| Chicago Black Hawks |
17 |
9 |
11 |
37 |
|
1st period
1. Edmonton Oilers , David Savard 3 (Adrian Kempe 47, Boone Jenner 25) at 2:19 (PP)
2. Chicago Black Hawks , Kevin Fiala 17 (Cale Makar 19, Travis Sanheim 10) at 12:05
3. Edmonton Oilers , David Perron 24 (Adrian Kempe 48) at 16:21
Penalties :
Kevin Fiala (CHI) for Tripping (Minor) at 1:07, Juuse Saros (EDM) for Delaying the game (Minor) at 6:34 - Corey Perry served the penalty, Marcus Pettersson (CHI) for Roughing (Minor) at 9:34
2nd period
4. Edmonton Oilers , David Savard 4 (Jake DeBrusk 19, Brock Boeser 31) at 16:32
5. Edmonton Oilers , Boone Jenner 18 (Adrian Kempe 49, David Perron 20) at 16:46
Penalties :
Corey Perry (EDM) for Close Hand On Puck (Minor) at 8:02, Brandon Hagel (CHI) for Hooking (Minor) at 19:56
3rd period
6. Chicago Black Hawks , Filip Forsberg 36 (Bo Horvat 47, Sidney Crosby 42) at 2:50
7. Edmonton Oilers , Adrian Kempe 25 (David Perron 21, Brett Pesce 18) at 11:43
Penalties :
Corey Perry (EDM) for Tripping (Minor) at 4:09
Goalie Stats
Juuse Saros (EDM), 35 saves from 37 shots - (0.946), W, 21-24-3, 60:00 minutes
Thatcher Demko (CHI), 28 saves from 33 shots - (0.848), L, 26-7-1, 60:00 minutes
Players Stats for Edmonton Oilers
Player Name G A P +/- PIM S H SB GA TA FO MP PP MP PK MP
------------------------------------------------------------------------------------
Adrian Kempe 1 3 4 3 0 4 3 0 2 0 2/5 25:21 2:46 3:02
Alex Iafallo 0 0 0 0 0 0 0 1 0 0 0/1 5:42 0:00 0:00
Boone Jenner 1 1 2 3 0 7 1 0 0 0 10/21 20:40 2:46 2:55
Brandon Carlo 0 0 0 2 0 0 3 5 0 2 0/0 22:48 2:54 2:51
Brett Pesce 0 1 1 -1 0 0 0 4 0 0 0/0 15:12 0:00 0:00
Brock Boeser 0 1 1 -1 0 6 2 1 1 0 0/0 20:39 2:24 3:02
Corey Perry 0 0 0 0 4 2 1 0 1 0 0/0 13:24 0:00 0:00
David Perron 1 2 3 3 0 3 1 0 0 1 0/0 19:56 2:46 2:37
David Savard 2 0 2 1 0 4 0 4 0 1 0/0 22:00 2:16 3:06
Dawson Mercer 0 0 0 0 0 2 3 0 0 0 4/10 12:59 0:00 0:00
Derek Ryan 0 0 0 0 0 0 0 0 0 0 0/0 0:20 0:00 0:00
Evan Bouchard 0 0 0 1 0 1 2 0 2 0 0/0 22:00 2:16 3:06
Jacob Trouba 0 0 0 2 0 0 0 0 0 0 0/0 22:48 2:54 2:51
Jake DeBrusk 0 1 1 -1 0 2 2 0 1 0 0/0 18:20 2:24 0:18
Jeff Carter 0 0 0 -1 0 1 2 2 0 1 7/21 17:36 2:24 0:00
Morgan Barron 0 0 0 0 0 0 0 1 0 0 0/0 2:38 0:00 0:00
Ryan McLeod 0 0 0 0 0 1 0 0 0 0 3/6 16:26 0:00 0:00
Scott Mayfield 0 0 0 -1 0 0 1 2 0 0 0/0 15:12 0:00 0:00
Players Stats for Chicago Black Hawks
Player Name G A P +/- PIM S H SB GA TA FO MP PP MP PK MP
------------------------------------------------------------------------------------
Alex DeBrincat 0 0 0 -1 0 2 1 0 0 0 0/1 8:47 0:03 0:00
Bo Horvat 0 1 1 -1 0 0 1 1 2 0 14/22 17:20 2:51 0:00
Brandon Hagel 0 0 0 -1 2 4 3 0 0 0 0/0 19:41 3:03 1:32
Brayden Point 0 0 0 0 0 1 1 0 1 0 0/0 16:26 3:03 0:00
Cale Makar 0 1 1 -2 0 4 0 2 1 2 0/0 24:08 2:58 2:35
Chris Kreider 0 0 0 0 0 3 1 0 0 0 0/1 16:09 2:51 0:00
Devon Toews 0 0 0 0 0 1 1 1 0 0 0/0 20:44 0:00 2:35
Filip Forsberg 1 0 1 -1 0 5 0 1 0 1 0/0 17:20 2:51 0:00
Filip Hronek 0 0 0 0 0 1 0 0 0 1 0/0 15:08 2:59 0:00
Jamie Benn 0 0 0 0 0 3 2 0 0 1 8/15 14:44 0:00 2:27
Kevin Fiala 1 0 1 0 2 1 0 0 0 0 0/0 11:39 0:00 0:00
Lucas Raymond 0 0 0 0 0 2 1 1 0 0 0/1 13:20 0:03 1:11
Marcus Pettersson 0 0 0 0 2 1 2 0 0 0 0/0 12:26 0:00 0:00
Nicholas Paul 0 0 0 -1 0 1 2 0 0 0 3/8 11:01 0:00 2:43
Ryan Hartman 0 0 0 -1 0 1 3 0 0 0 0/0 11:51 0:03 2:27
Seth Jones 0 0 0 -2 0 0 1 1 1 2 0/0 24:31 2:58 2:35
Sidney Crosby 0 1 1 0 0 4 2 0 0 0 13/16 16:26 3:03 0:00
Travis Sanheim 0 1 1 0 0 3 1 0 0 0 0/0 23:06 2:59 2:35
3 Stars
1 - Adrian Kempe (EDM)
2 - David Perron (EDM)
3 - David Savard (EDM)
Power Play
Edmonton Oilers - 1 on 3 Attempt(s) - 33.33%
Chicago Black Hawks - 0 on 3 Attempt(s) - 0.00%
Penalty Kill
Edmonton Oilers - 3 on 3 Attempt(s) - 100.00%
- Score 0 goal in Penalty Kill
Chicago Black Hawks - 2 on 3 Attempt(s) - 66.67%
- Score 0 goal in Penalty Kill
Team Stat
Edmonton Oilers - Hits : 21 - Faceoff Wins : 26 - Blocked Shots : 20 - Penalty Minutes : 6
Chicago Black Hawks - Hits : 22 - Faceoff Wins : 38 - Blocked Shots : 7 - Penalty Minutes : 6
Official
Referees : Chris Rooney and Reid Anderson
Linesman : Tommy Hughes and James Tobias
Game Notes
No Game Note
Finance
Level 1 -- Attendance: 5129 (85.48%) -- Ticket Income $512,900
Level 2 -- Attendance: 4225 (84.50%) -- Ticket Income $253,500
Level 3 -- Attendance: 2234 (74.47%) -- Ticket Income $78,190
Level 4 -- Attendance: 3975 (79.50%) -- Ticket Income $99,375
Luxury Box -- Attendance: 857 (85.70%) -- Ticket Income $171,400
Game was played at the United Center.
Total Attendance: 16420 (82.10%)
Total Ticket Income: $1,115,365
Other Income: $390,378
Total Income: $1,505,743
Edmonton Oilers
5 vs 5 Forward
Center Left Wing Right Wing Time % Phy DF OF
1 Boone Jenner David Perron Adrian Kempe 30 1 2 2
2 Jeff Carter Jake DeBrusk Brock Boeser 30 1 2 2
3 Dawson Mercer Ryan McLeod Corey Perry 25 1 2 2
4 Ryan McLeod Adrian Kempe Alex Iafallo 15 1 2 2
5 vs 5 Defense
Defense Defense Time % Phy DF OF
1 Jacob Trouba Brandon Carlo 35 1 2 2
2 David Savard Evan Bouchard 35 1 2 2
3 Scott Mayfield Brett Pesce 30 1 2 2
4 Jacob Trouba Brandon Carlo 0 1 2 2
PowerPlay Forward
Center Left Wing Right Wing Time % Phy DF OF
1 Boone Jenner David Perron Adrian Kempe 50 1 2 2
2 Jeff Carter Jake DeBrusk Brock Boeser 50 1 2 2
PowerPlay Defense
Defense Defense Time % Phy DF OF
1 Jacob Trouba Brandon Carlo 50 1 2 2
2 David Savard Evan Bouchard 50 1 2 2
Penalty Kill 4 Players Forward
Center Wing Time % Phy DF OF
1 Adrian Kempe Brock Boeser 50 1 2 2
2 Boone Jenner David Perron 50 1 2 2
Penalty Kill 4 Players Defense
Defense Defense Time % Phy DF OF
1 Jacob Trouba Brandon Carlo 50 1 2 2
2 David Savard Evan Bouchard 50 1 2 2
Penalty Kill - 3 Players Forward
Forward Time % Phy DF OF
1 Adrian Kempe 50 1 2 2
2 Brock Boeser 50 1 2 2
Penalty Kill - 3 Players Defense
Defense Defense Time % Phy DF OF
1 Jacob Trouba Brandon Carlo 50 1 2 2
2 David Savard Evan Bouchard 50 1 2 2
4 vs 4 Forward
Center Wing Time % Phy DF OF
1 Adrian Kempe Brock Boeser 50 1 2 2
2 Boone Jenner David Perron 50 1 2 2
4 vs 4 Defense
Defense Defense Time % Phy DF OF
1 Jacob Trouba Brandon Carlo 50 1 2 2
2 David Savard Evan Bouchard 50 1 2 2
Last Minutes Offensive
Center Left Wing Right Wing Defense Defense
Boone Jenner David Perron Adrian Kempe Jacob Trouba Brandon Carlo
Last Minutes Defensive
Center Left Wing Right Wing Defense Defense
Boone Jenner David Perron Adrian Kempe Jacob Trouba Brandon Carlo
Goaltenders
Starting : Juuse Saros
Backup : Matt Murray
Extra Forwards
Normal : Morgan Barron, Derek Ryan, Corey Perry - PP : Morgan Barron, Derek Ryan - PK : Corey Perry
Extra Defensemen
Normal : Scott Mayfield, Brett Pesce, David Savard - PP : Scott Mayfield - PK : Brett Pesce, David Savard
Penalty Shots
Adrian Kempe, Brock Boeser, Boone Jenner, David Perron, Jake DeBrusk
Scratches
David Reinbacher (Healthy), Rasmus Ristolainen (Healthy), Julien Gauthier (Healthy), Tanner Jeannot (Healthy), Dylan Holloway (Healthy)
Chicago Black Hawks
5 vs 5 Forward
Center Left Wing Right Wing Time % Phy DF OF
1 Sidney Crosby Chris Kreider Brayden Point 30 0 1 4
2 Bo Horvat Filip Forsberg Brandon Hagel 30 0 2 3
3 Jamie Benn Kevin Fiala Lucas Raymond 25 0 1 4
4 Nicholas Paul Alex DeBrincat Ryan Hartman 15 0 2 3
5 vs 5 Defense
Defense Defense Time % Phy DF OF
1 Cale Makar Seth Jones 36 0 3 2
2 Devon Toews Travis Sanheim 34 0 3 2
3 Marcus Pettersson Filip Hronek 20 0 4 1
4 Cale Makar Seth Jones 10 0 4 1
PowerPlay Forward
Center Left Wing Right Wing Time % Phy DF OF
1 Sidney Crosby Brandon Hagel Brayden Point 50 0 0 5
2 Bo Horvat Filip Forsberg Chris Kreider 50 0 0 5
PowerPlay Defense
Defense Defense Time % Phy DF OF
1 Cale Makar Seth Jones 50 0 1 4
2 Travis Sanheim Filip Hronek 50 0 1 4
Penalty Kill 4 Players Forward
Center Wing Time % Phy DF OF
1 Jamie Benn Ryan Hartman 50 0 5 0
2 Nicholas Paul Brandon Hagel 50 0 5 0
Penalty Kill 4 Players Defense
Defense Defense Time % Phy DF OF
1 Seth Jones Devon Toews 50 0 5 0
2 Cale Makar Travis Sanheim 50 0 5 0
Penalty Kill - 3 Players Forward
Forward Time % Phy DF OF
1 Ryan Hartman 50 0 5 0
2 Nicholas Paul 50 0 5 0
Penalty Kill - 3 Players Defense
Defense Defense Time % Phy DF OF
1 Cale Makar Seth Jones 50 0 5 0
2 Devon Toews Marcus Pettersson 50 0 5 0
4 vs 4 Forward
Center Wing Time % Phy DF OF
1 Jamie Benn Kevin Fiala 50 0 2 3
2 Nicholas Paul Alex DeBrincat 50 1 1 3
4 vs 4 Defense
Defense Defense Time % Phy DF OF
1 Devon Toews Filip Hronek 50 0 3 2
2 Marcus Pettersson Cale Makar 50 0 3 2
Last Minutes Offensive
Center Left Wing Right Wing Defense Defense
Sidney Crosby Chris Kreider Brayden Point Cale Makar Seth Jones
Last Minutes Defensive
Center Left Wing Right Wing Defense Defense
Nicholas Paul Brandon Hagel Ryan Hartman Cale Makar Seth Jones
Goaltenders
Starting : Thatcher Demko
Backup : Adin Hill
Extra Forwards
Normal : Alex DeBrincat, Lucas Raymond, Kevin Fiala - PP : Alex DeBrincat, Lucas Raymond - PK : Brandon Hagel
Extra Defensemen
Normal : Filip Hronek, Marcus Pettersson, Devon Toews - PP : Travis Sanheim - PK : Devon Toews, Filip Hronek
Penalty Shots
Lucas Raymond, Alex DeBrincat, Sidney Crosby, Brayden Point, Devon Toews
Scratches
Caleb Jones (Healthy)
% Time on Ice - Edmonton Oilers
Lines # - Real PCT - Wanted PCT - Time Play
Normal Forward
1 - 30% - 30% - 14:34
2 - 32% - 30% - 15:38
3 - 27% - 25% - 12:59
4 - 12% - 15% - 5:42
Normal Defense
1 - 35% - 35% - 17:03
2 - 34% - 35% - 16:38
3 - 31% - 30% - 15:12
4 - 0% - 0% - 0:00
PP Forward
1 - 54% - 50% - 2:46
2 - 46% - 50% - 2:24
PP Defense
1 - 56% - 50% - 2:54
2 - 44% - 50% - 2:16
PK Forward
1 - 51% - 50% - 3:02
2 - 49% - 50% - 2:55
PK Defense
1 - 48% - 50% - 2:51
2 - 52% - 50% - 3:06
PK3 Forward
1 - 0% - 50%
2 - 0% - 50%
PK3 Defense
1 - 0% - 50%
2 - 0% - 50%
44 Forward
1 - 0% - 50%
2 - 0% - 50%
44 Defense
1 - 0% - 50%
2 - 0% - 50%
Last Minute Offensive - 0:00
Last Minute Defensive - 0:00
Total
Forward - 60:00
Defense - 60:00
|
% Time on Ice - Chicago Black Hawks
Lines # - Real PCT - Wanted PCT - Time Play
Normal Forward
1 - 30% - 30% - 14:26
2 - 30% - 30% - 14:29
3 - 24% - 25% - 11:40
4 - 17% - 15% - 8:18
Normal Defense
1 - 36% - 36% - 17:25
2 - 37% - 34% - 18:05
3 - 24% - 20% - 11:50
4 - 3% - 10% - 1:33
PP Forward
1 - 52% - 50% - 3:06
2 - 48% - 50% - 2:51
PP Defense
1 - 50% - 50% - 2:58
2 - 50% - 50% - 2:59
PK Forward
1 - 47% - 50% - 2:27
2 - 53% - 50% - 2:43
PK Defense
1 - 50% - 50% - 2:35
2 - 50% - 50% - 2:35
PK3 Forward
1 - 0% - 50%
2 - 0% - 50%
PK3 Defense
1 - 0% - 50%
2 - 0% - 50%
44 Forward
1 - 0% - 50%
2 - 0% - 50%
44 Defense
1 - 0% - 50%
2 - 0% - 50%
Last Minute Offensive - 0:00
Last Minute Defensive - 0:00
Total
Forward - 60:00
Defense - 60:00
|
Play-by-Play
1st period
0:01 of 1st period - Boone Jenner wins face-off versus Sidney Crosby in neutral zone.
0:04 of 1st period - Wrist shot by Boone Jenner.
0:04 of 1st period - Stopped by Thatcher Demko without a rebound.
0:05 of 1st period - Sidney Crosby wins face-off versus Boone Jenner in Chicago Black Hawks zone.
1:07 of 1st period - Minor Penalty to Kevin Fiala for Tripping.
1:08 of 1st period - Boone Jenner wins face-off versus Jamie Benn in Chicago Black Hawks zone.
1:15 of 1st period - Snap shot by Boone Jenner.
1:15 of 1st period - Stopped by Thatcher Demko without a rebound.
1:16 of 1st period - Boone Jenner wins face-off versus Jamie Benn in Chicago Black Hawks zone.
1:17 of 1st period - Snap shot by Adrian Kempe.
1:17 of 1st period - Stopped by Thatcher Demko without a rebound.
1:18 of 1st period - Boone Jenner wins face-off versus Jamie Benn in Chicago Black Hawks zone.
1:37 of 1st period - Slapshot by Boone Jenner.
1:37 of 1st period - Shot Blocked by Devon Toews.
1:39 of 1st period - Slapshot by David Savard.
1:39 of 1st period - Stopped by Thatcher Demko without a rebound.
1:40 of 1st period - Jeff Carter wins face-off versus Nicholas Paul in Chicago Black Hawks zone.
1:45 of 1st period - Slapshot by Brock Boeser.
1:45 of 1st period - Stopped by Thatcher Demko with a rebound.
2:06 of 1st period - Ryan Hartman is hit by Adrian Kempe and loses puck.
2:15 of 1st period - Wrist shot by Adrian Kempe.
2:15 of 1st period - Shot Misses the Net.
2:17 of 1st period - Wrist shot by Adrian Kempe.
2:17 of 1st period - Shot Misses the Net.
2:19 of 1st period - Slapshot by David Savard.
2:19 of 1st period - Goal by David Savard - Edmonton Oilers : 1 - Chicago Black Hawks : 0.
2:20 of 1st period - Dawson Mercer wins face-off versus Bo Horvat in neutral zone.
2:35 of 1st period - Snap shot by Corey Perry.
2:35 of 1st period - Stopped by Thatcher Demko with a rebound.
2:47 of 1st period - Marcus Pettersson is hit by Evan Bouchard and loses puck.
3:29 of 1st period - Wrist shot by Lucas Raymond.
3:29 of 1st period - Stopped by Juuse Saros without a rebound.
3:30 of 1st period - Jamie Benn wins face-off versus Dawson Mercer in Edmonton Oilers zone.
3:41 of 1st period - Wrist shot by Kevin Fiala.
3:41 of 1st period - Deflect By Jamie Benn.
3:41 of 1st period - Shot Misses the Net.
3:41 of 1st period - Puck is out of play.
3:42 of 1st period - Bo Horvat wins face-off versus Jeff Carter in Edmonton Oilers zone.
3:43 of 1st period - Backhand shot by Brandon Hagel.
3:43 of 1st period - Stopped by Juuse Saros with a rebound.
3:51 of 1st period - Wrist shot by Brandon Hagel.
3:51 of 1st period - Stopped by Juuse Saros without a rebound.
3:52 of 1st period - Bo Horvat wins face-off versus Jeff Carter in Edmonton Oilers zone.
4:02 of 1st period - Wrist shot by Brock Boeser.
4:02 of 1st period - Stopped by Thatcher Demko without a rebound.
4:03 of 1st period - Sidney Crosby wins face-off versus Boone Jenner in Chicago Black Hawks zone.
4:08 of 1st period - Backhand shot by Brayden Point.
4:08 of 1st period - Stopped by Juuse Saros without a rebound.
4:09 of 1st period - Sidney Crosby wins face-off versus Boone Jenner in Edmonton Oilers zone.
4:10 of 1st period - Snap shot by Chris Kreider.
4:10 of 1st period - Deflect By Sidney Crosby.
4:10 of 1st period - Stopped by Juuse Saros with a rebound.
4:26 of 1st period - Wrist shot by Boone Jenner.
4:26 of 1st period - Stopped by Thatcher Demko with a rebound.
4:58 of 1st period - Snap shot by Bo Horvat.
4:58 of 1st period - Shot Misses the Net.
5:00 of 1st period - Slapshot by Travis Sanheim.
5:00 of 1st period - Deflect By Evan Bouchard.
5:00 of 1st period - Stopped by Juuse Saros without a rebound.
5:01 of 1st period - Nicholas Paul wins face-off versus Dawson Mercer in Edmonton Oilers zone.
5:02 of 1st period - Snap shot by Alex DeBrincat.
5:02 of 1st period - Stopped by Juuse Saros with a rebound.
5:04 of 1st period - Wrist shot by Devon Toews.
5:04 of 1st period - Deflect By Dawson Mercer.
5:04 of 1st period - Stopped by Juuse Saros without a rebound.
5:05 of 1st period - Nicholas Paul wins face-off versus Ryan McLeod in Edmonton Oilers zone.
5:08 of 1st period - Snap shot by Alex DeBrincat.
5:08 of 1st period - Shot Misses the Net.
5:10 of 1st period - Wrist shot by Devon Toews.
5:10 of 1st period - Shot Misses the Net.
5:12 of 1st period - Snap shot by Travis Sanheim.
5:12 of 1st period - Deflect By Nicholas Paul.
5:12 of 1st period - Shot Misses the Net.
5:12 of 1st period - Puck is out of play.
5:13 of 1st period - Ryan McLeod wins face-off versus Lucas Raymond in Edmonton Oilers zone.
5:13 of 1st period - Ryan McLeod is hit by Jamie Benn.
5:21 of 1st period - Snap shot by Alex Iafallo.
5:21 of 1st period - Shot Misses the Net.
5:27 of 1st period - Slapshot by Adrian Kempe.
5:27 of 1st period - Shot Misses the Net.
5:54 of 1st period - Snap shot by Kevin Fiala.
5:54 of 1st period - Shot Blocked by Alex Iafallo.
5:56 of 1st period - Slapshot by Cale Makar.
5:56 of 1st period - Stopped by Juuse Saros without a rebound.
5:57 of 1st period - Jeff Carter wins face-off versus Bo Horvat in Edmonton Oilers zone.
6:34 of 1st period - Snap shot by Chris Kreider.
6:34 of 1st period - Stopped by Juuse Saros without a rebound.
6:34 of 1st period - Minor Penalty to Juuse Saros for Delaying the game.
6:35 of 1st period - Adrian Kempe wins face-off versus Sidney Crosby in Edmonton Oilers zone.
7:10 of 1st period - Slapshot by Chris Kreider.
7:10 of 1st period - Shot Misses the Net.
8:34 of 1st period - Penalty to Corey Perry is over, Corey Perry is back on ice.
8:51 of 1st period - Ryan McLeod is hit by Ryan Hartman and loses puck.
9:34 of 1st period - Minor Penalty to Marcus Pettersson for Roughing.
9:35 of 1st period - Boone Jenner wins face-off versus Nicholas Paul in Chicago Black Hawks zone.
9:50 of 1st period - Snap shot by Adrian Kempe.
9:50 of 1st period - Stopped by Thatcher Demko without a rebound.
9:51 of 1st period - Nicholas Paul wins face-off versus Jeff Carter in Chicago Black Hawks zone.
10:38 of 1st period - Wrist shot by Jamie Benn.
10:38 of 1st period - Deflect By Ryan Hartman.
10:38 of 1st period - Stopped by Juuse Saros without a rebound.
10:39 of 1st period - Jamie Benn wins face-off versus Jeff Carter in Edmonton Oilers zone.
10:48 of 1st period - Wrist shot by Jamie Benn.
10:48 of 1st period - Stopped by Juuse Saros with a rebound.
10:50 of 1st period - Slapshot by Seth Jones.
10:50 of 1st period - Shot Blocked by David Savard.
10:52 of 1st period - Slapshot by Ryan Hartman.
10:52 of 1st period - Shot Misses the Net.
11:14 of 1st period - Wrist shot by Adrian Kempe.
11:14 of 1st period - Shot Hit the Post.
11:16 of 1st period - Snap shot by Adrian Kempe.
11:16 of 1st period - Stopped by Thatcher Demko with a rebound.
11:34 of 1st period - Penalty to Marcus Pettersson is over, Marcus Pettersson is back on ice.
12:05 of 1st period - Snap shot by Kevin Fiala.
12:05 of 1st period - Goal by Kevin Fiala - Edmonton Oilers : 1 - Chicago Black Hawks : 1.
12:06 of 1st period - Bo Horvat wins face-off versus Boone Jenner in neutral zone.
12:09 of 1st period - Slapshot by Cale Makar.
12:09 of 1st period - Stopped by Juuse Saros with a rebound.
12:11 of 1st period - Slapshot by Cale Makar.
12:11 of 1st period - Shot Misses the Net.
12:33 of 1st period - Chris Kreider is hit by Jake DeBrusk and loses puck.
13:00 of 1st period - Ryan McLeod is hit by Ryan Hartman.
13:34 of 1st period - Snap shot by Adrian Kempe.
13:34 of 1st period - Shot Blocked by Bo Horvat.
13:57 of 1st period - Snap shot by Kevin Fiala.
13:57 of 1st period - Shot Misses the Net.
14:11 of 1st period - Jacob Trouba is hit by Travis Sanheim and loses puck.
14:23 of 1st period - Icing by Jacob Trouba.
14:24 of 1st period - Boone Jenner wins face-off versus Bo Horvat in Edmonton Oilers zone.
14:57 of 1st period - Lucas Raymond is hit by Brandon Carlo and loses puck.
15:02 of 1st period - Slapshot by Jake DeBrusk.
15:02 of 1st period - Stopped by Thatcher Demko with a rebound.
15:04 of 1st period - Wrist shot by Brock Boeser.
15:04 of 1st period - Shot Misses the Net.
15:06 of 1st period - Wrist shot by Brock Boeser.
15:06 of 1st period - Stopped by Thatcher Demko without a rebound.
15:07 of 1st period - Bo Horvat wins face-off versus Boone Jenner in Chicago Black Hawks zone.
15:42 of 1st period - Wrist shot by Corey Perry.
15:42 of 1st period - Stopped by Thatcher Demko without a rebound.
15:43 of 1st period - Sidney Crosby wins face-off versus Dawson Mercer in Chicago Black Hawks zone.
16:00 of 1st period - Slapshot by Chris Kreider.
16:00 of 1st period - Shot Blocked by Brandon Carlo.
16:21 of 1st period - Snap shot by David Perron.
16:21 of 1st period - Goal by David Perron - Edmonton Oilers : 2 - Chicago Black Hawks : 1.
16:22 of 1st period - Sidney Crosby wins face-off versus Adrian Kempe in neutral zone.
16:29 of 1st period - Snap shot by David Perron.
16:29 of 1st period - Deflect By Chris Kreider.
16:29 of 1st period - Shot Misses the Net.
16:29 of 1st period - Puck is out of play.
16:30 of 1st period - Sidney Crosby wins face-off versus Boone Jenner in Chicago Black Hawks zone.
16:37 of 1st period - Snap shot by Chris Kreider.
16:37 of 1st period - Stopped by Juuse Saros with a rebound.
17:03 of 1st period - Slapshot by Boone Jenner.
17:03 of 1st period - Shot Misses the Net.
17:05 of 1st period - Wrist shot by Adrian Kempe.
17:05 of 1st period - Shot Blocked by Cale Makar.
17:07 of 1st period - Snap shot by David Perron.
17:07 of 1st period - Stopped by Thatcher Demko with a rebound.
17:09 of 1st period - Wrist shot by Boone Jenner.
17:09 of 1st period - Stopped by Thatcher Demko without a rebound.
17:10 of 1st period - Bo Horvat wins face-off versus Jeff Carter in Chicago Black Hawks zone.
17:26 of 1st period - Brandon Carlo is hit by Marcus Pettersson and loses puck.
17:51 of 1st period - Wrist shot by Jamie Benn.
17:51 of 1st period - Stopped by Juuse Saros without a rebound.
17:52 of 1st period - Sidney Crosby wins face-off versus Boone Jenner in Edmonton Oilers zone.
18:09 of 1st period - Slapshot by Sidney Crosby.
18:09 of 1st period - Stopped by Juuse Saros without a rebound.
18:10 of 1st period - Bo Horvat wins face-off versus Jeff Carter in Edmonton Oilers zone.
18:11 of 1st period - Wrist shot by Filip Forsberg.
18:11 of 1st period - Shot Blocked by Brandon Carlo.
18:17 of 1st period - Wrist shot by Jeff Carter.
18:17 of 1st period - Stopped by Thatcher Demko without a rebound.
18:18 of 1st period - Bo Horvat wins face-off versus Jeff Carter in Chicago Black Hawks zone.
18:18 of 1st period - Bo Horvat is hit by Brock Boeser.
18:39 of 1st period - Icing by Brock Boeser.
18:40 of 1st period - Jamie Benn wins face-off versus Jeff Carter in Edmonton Oilers zone.
18:41 of 1st period - Snap shot by Kevin Fiala.
18:41 of 1st period - Shot Blocked by Jeff Carter.
19:49 of 1st period - Alex DeBrincat is hit by Dawson Mercer and loses puck.
Goals for this period are 2 for Edmonton Oilers vs 1 for Chicago Black Hawks.
Shots for this period are 18 for Edmonton Oilers vs 17 for Chicago Black Hawks.
2nd period
0:01 of 2nd period - Ryan McLeod wins face-off versus Bo Horvat in neutral zone.
0:16 of 2nd period - Wrist shot by Ryan McLeod.
0:16 of 2nd period - Stopped by Thatcher Demko without a rebound.
0:17 of 2nd period - Jeff Carter wins face-off versus Jamie Benn in Chicago Black Hawks zone.
0:26 of 2nd period - Snap shot by Brock Boeser.
0:26 of 2nd period - Shot Blocked by Cale Makar.
0:28 of 2nd period - Backhand shot by Brock Boeser.
0:28 of 2nd period - Stopped by Thatcher Demko with a rebound.
0:42 of 2nd period - Seth Jones is hit by Boone Jenner and loses puck.
0:49 of 2nd period - Slapshot by Cale Makar.
0:49 of 2nd period - Shot Misses the Net.
0:51 of 2nd period - Snap shot by Brayden Point.
0:51 of 2nd period - Shot Misses the Net.
1:13 of 2nd period - Slapshot by Nicholas Paul.
1:13 of 2nd period - Stopped by Juuse Saros with a rebound.
1:35 of 2nd period - Snap shot by Brock Boeser.
1:35 of 2nd period - Deflect By Jake DeBrusk.
1:35 of 2nd period - Shot Blocked by Filip Forsberg.
1:35 of 2nd period - Puck is out of play.
1:36 of 2nd period - Jamie Benn wins face-off versus Boone Jenner in Chicago Black Hawks zone.
1:43 of 2nd period - Wrist shot by David Perron.
1:43 of 2nd period - Deflect By Boone Jenner.
1:43 of 2nd period - Shot Misses the Net.
1:43 of 2nd period - Puck is out of play.
1:44 of 2nd period - Boone Jenner wins face-off versus Jamie Benn in Chicago Black Hawks zone.
2:34 of 2nd period - Snap shot by Jamie Benn.
2:34 of 2nd period - Stopped by Juuse Saros with a rebound.
2:56 of 2nd period - Wrist shot by David Perron.
2:56 of 2nd period - Stopped by Thatcher Demko with a rebound.
2:58 of 2nd period - Wrist shot by Boone Jenner.
2:58 of 2nd period - Stopped by Thatcher Demko with a rebound.
3:10 of 2nd period - Slapshot by David Perron.
3:10 of 2nd period - Deflect By Adrian Kempe.
3:10 of 2nd period - Shot Blocked by Lucas Raymond.
3:10 of 2nd period - Puck is out of play.
3:11 of 2nd period - Dawson Mercer wins face-off versus Sidney Crosby in Chicago Black Hawks zone.
3:36 of 2nd period - Cale Makar is hit by Brandon Carlo and loses puck.
3:57 of 2nd period - Brett Pesce is hit by Brandon Hagel and loses puck.
4:18 of 2nd period - Snap shot by Nicholas Paul.
4:18 of 2nd period - Shot Blocked by Brett Pesce.
4:20 of 2nd period - Slapshot by Ryan Hartman.
4:20 of 2nd period - Shot Misses the Net.
4:22 of 2nd period - Snap shot by Nicholas Paul.
4:22 of 2nd period - Shot Hit the Post.
4:24 of 2nd period - Wrist shot by Devon Toews.
4:24 of 2nd period - Deflect By Alex DeBrincat.
4:24 of 2nd period - Shot Blocked by Jeff Carter.
4:24 of 2nd period - Puck is out of play.
4:25 of 2nd period - Bo Horvat wins face-off versus Jeff Carter in Edmonton Oilers zone.
4:50 of 2nd period - Dawson Mercer is hit by Nicholas Paul and loses puck.
5:03 of 2nd period - Snap shot by Sidney Crosby.
5:03 of 2nd period - Shot Blocked by David Savard.
5:33 of 2nd period - Slapshot by Evan Bouchard.
5:33 of 2nd period - Stopped by Thatcher Demko without a rebound.
5:34 of 2nd period - Dawson Mercer wins face-off versus Bo Horvat in Chicago Black Hawks zone.
5:41 of 2nd period - Snap shot by Dawson Mercer.
5:41 of 2nd period - Shot Misses the Net.
5:49 of 2nd period - Jacob Trouba is hit by Bo Horvat.
5:53 of 2nd period - Brandon Hagel is hit by Dawson Mercer and loses puck.
6:22 of 2nd period - Snap shot by Cale Makar.
6:22 of 2nd period - Stopped by Juuse Saros without a rebound.
6:23 of 2nd period - Sidney Crosby wins face-off versus Alex Iafallo in Edmonton Oilers zone.
6:26 of 2nd period - Wrist shot by Sidney Crosby.
6:26 of 2nd period - Stopped by Juuse Saros with a rebound.
7:13 of 2nd period - Snap shot by Nicholas Paul.
7:13 of 2nd period - Shot Blocked by David Savard.
7:15 of 2nd period - Slapshot by Nicholas Paul.
7:15 of 2nd period - Shot Misses the Net.
7:17 of 2nd period - Slapshot by Travis Sanheim.
7:17 of 2nd period - Stopped by Juuse Saros without a rebound.
7:18 of 2nd period - Sidney Crosby wins face-off versus Jeff Carter in Edmonton Oilers zone.
8:02 of 2nd period - Minor Penalty to Corey Perry for Close Hand On Puck.
8:03 of 2nd period - Adrian Kempe wins face-off versus Bo Horvat in Edmonton Oilers zone.
8:29 of 2nd period - Evan Bouchard is hit by Brandon Hagel and loses puck.
8:38 of 2nd period - Snap shot by Brandon Hagel.
8:38 of 2nd period - Shot Hit the Post.
10:02 of 2nd period - Penalty to Corey Perry is over, Corey Perry is back on ice.
10:11 of 2nd period - Wrist shot by Boone Jenner.
10:11 of 2nd period - Stopped by Thatcher Demko with a rebound.
10:25 of 2nd period - Snap shot by Jake DeBrusk.
10:25 of 2nd period - Shot Blocked by Seth Jones.
10:27 of 2nd period - Slapshot by Evan Bouchard.
10:27 of 2nd period - Deflect By Corey Perry.
10:27 of 2nd period - Shot Misses the Net.
10:27 of 2nd period - Puck is out of play.
10:28 of 2nd period - Jamie Benn wins face-off versus Ryan McLeod in Chicago Black Hawks zone.
10:52 of 2nd period - Brett Pesce is hit by Sidney Crosby and loses puck.
11:27 of 2nd period - Snap shot by Alex DeBrincat.
11:27 of 2nd period - Stopped by Juuse Saros with a rebound.
11:33 of 2nd period - Snap shot by Nicholas Paul.
11:33 of 2nd period - Shot Hit the Post.
11:35 of 2nd period - Slapshot by Filip Hronek.
11:35 of 2nd period - Stopped by Juuse Saros with a rebound.
11:47 of 2nd period - Jamie Benn is hit by Brandon Carlo and loses puck.
12:02 of 2nd period - Wrist shot by Brayden Point.
12:02 of 2nd period - Shot Misses the Net.
12:43 of 2nd period - Alex DeBrincat is hit by Adrian Kempe and loses puck.
13:26 of 2nd period - Wrist shot by Brandon Hagel.
13:26 of 2nd period - Shot Blocked by Brett Pesce.
13:28 of 2nd period - Snap shot by Brandon Hagel.
13:28 of 2nd period - Shot Blocked by Scott Mayfield.
13:30 of 2nd period - Wrist shot by Brandon Hagel.
13:30 of 2nd period - Shot Misses the Net.
13:32 of 2nd period - Snap shot by Filip Forsberg.
13:32 of 2nd period - Stopped by Juuse Saros with a rebound.
14:00 of 2nd period - Ryan McLeod is hit by Jamie Benn and loses puck.
14:38 of 2nd period - Jacob Trouba is hit by Marcus Pettersson and loses puck.
15:09 of 2nd period - Slapshot by Devon Toews.
15:09 of 2nd period - Shot Blocked by Scott Mayfield.
15:11 of 2nd period - Slapshot by Alex DeBrincat.
15:11 of 2nd period - Shot Blocked by Brett Pesce.
15:38 of 2nd period - Off-side.
15:39 of 2nd period - Bo Horvat wins face-off versus Dawson Mercer in neutral zone.
15:44 of 2nd period - Wrist shot by Filip Forsberg.
15:44 of 2nd period - Stopped by Juuse Saros with a rebound.
16:08 of 2nd period - Wrist shot by Chris Kreider.
16:08 of 2nd period - Shot Blocked by David Savard.
16:17 of 2nd period - Icing by David Perron.
16:18 of 2nd period - Boone Jenner wins face-off versus Jamie Benn in Edmonton Oilers zone.
16:23 of 2nd period - Jamie Benn is hit by Evan Bouchard and loses puck.
16:30 of 2nd period - Wrist shot by Jake DeBrusk.
16:30 of 2nd period - Stopped by Thatcher Demko with a rebound.
16:32 of 2nd period - Slapshot by David Savard.
16:32 of 2nd period - Goal by David Savard - Edmonton Oilers : 3 - Chicago Black Hawks : 1.
16:33 of 2nd period - Bo Horvat wins face-off versus Boone Jenner in neutral zone.
16:44 of 2nd period - Snap shot by Adrian Kempe.
16:44 of 2nd period - Shot Misses the Net.
16:46 of 2nd period - Wrist shot by Boone Jenner.
16:46 of 2nd period - Goal by Boone Jenner - Edmonton Oilers : 4 - Chicago Black Hawks : 1.
16:47 of 2nd period - Boone Jenner wins face-off versus Bo Horvat in neutral zone.
16:52 of 2nd period - Snap shot by David Perron.
16:52 of 2nd period - Shot Misses the Net.
16:58 of 2nd period - Snap shot by Cale Makar.
16:58 of 2nd period - Shot Blocked by Brandon Carlo.
17:11 of 2nd period - Icing by Adrian Kempe.
17:12 of 2nd period - Sidney Crosby wins face-off versus Jeff Carter in Edmonton Oilers zone.
17:59 of 2nd period - Evan Bouchard is hit by Lucas Raymond and loses puck.
18:22 of 2nd period - Ryan McLeod is hit by Nicholas Paul and loses puck.
18:39 of 2nd period - Jeff Carter is hit by Brayden Point and loses puck.
19:56 of 2nd period - Minor Penalty to Brandon Hagel for Hooking.
19:57 of 2nd period - Jeff Carter wins face-off versus Nicholas Paul in Chicago Black Hawks zone.
Goals for this period are 2 for Edmonton Oilers vs 0 for Chicago Black Hawks.
Shots for this period are 9 for Edmonton Oilers vs 9 for Chicago Black Hawks.
3rd period
0:01 of 3rd period - Jeff Carter wins face-off versus Nicholas Paul in neutral zone.
1:03 of 3rd period - Wrist shot by Adrian Kempe.
1:03 of 3rd period - Deflect By David Perron.
1:03 of 3rd period - Shot Misses the Net.
1:03 of 3rd period - Puck is out of play.
1:04 of 3rd period - Jamie Benn wins face-off versus Boone Jenner in Chicago Black Hawks zone.
1:04 of 3rd period - Jamie Benn is hit by David Perron.
1:36 of 3rd period - Boone Jenner is hit by Devon Toews and loses puck.
1:56 of 3rd period - Penalty to Brandon Hagel is over, Brandon Hagel is back on ice.
2:14 of 3rd period - Wrist shot by Brandon Hagel.
2:14 of 3rd period - Stopped by Juuse Saros with a rebound.
2:50 of 3rd period - Wrist shot by Filip Forsberg.
2:50 of 3rd period - Goal by Filip Forsberg - Edmonton Oilers : 4 - Chicago Black Hawks : 2.
2:51 of 3rd period - Bo Horvat wins face-off versus Jeff Carter in neutral zone.
3:04 of 3rd period - Slapshot by David Savard.
3:04 of 3rd period - Stopped by Thatcher Demko without a rebound.
3:05 of 3rd period - Jamie Benn wins face-off versus Boone Jenner in Chicago Black Hawks zone.
3:30 of 3rd period - Bo Horvat is hit by Jeff Carter and loses puck.
3:56 of 3rd period - Icing by Travis Sanheim.
3:57 of 3rd period - Sidney Crosby wins face-off versus Dawson Mercer in Chicago Black Hawks zone.
4:09 of 3rd period - Minor Penalty to Corey Perry for Tripping.
4:10 of 3rd period - Sidney Crosby wins face-off versus Adrian Kempe in Edmonton Oilers zone.
4:16 of 3rd period - Travis Sanheim is hit by Brock Boeser and loses puck.
4:46 of 3rd period - Wrist shot by Sidney Crosby.
4:46 of 3rd period - Stopped by Juuse Saros with a rebound.
4:48 of 3rd period - Snap shot by Brandon Hagel.
4:48 of 3rd period - Stopped by Juuse Saros without a rebound.
4:49 of 3rd period - Bo Horvat wins face-off versus Adrian Kempe in Edmonton Oilers zone.
4:56 of 3rd period - Snap shot by Filip Forsberg.
4:56 of 3rd period - Stopped by Juuse Saros with a rebound.
4:58 of 3rd period - Slapshot by Seth Jones.
4:58 of 3rd period - Shot Blocked by Brock Boeser.
6:09 of 3rd period - Penalty to Corey Perry is over, Corey Perry is back on ice.
6:37 of 3rd period - Nicholas Paul is hit by Jeff Carter and loses puck.
6:42 of 3rd period - Snap shot by Jake DeBrusk.
6:42 of 3rd period - Deflect By Brock Boeser.
6:42 of 3rd period - Stopped by Thatcher Demko without a rebound.
6:43 of 3rd period - Jeff Carter wins face-off versus Nicholas Paul in Chicago Black Hawks zone.
7:26 of 3rd period - Bo Horvat is hit by Dawson Mercer and loses puck.
8:09 of 3rd period - Wrist shot by Alex DeBrincat.
8:09 of 3rd period - Shot Misses the Net.
8:17 of 3rd period - Evan Bouchard is hit by Ryan Hartman.
9:01 of 3rd period - Snap shot by Jamie Benn.
9:01 of 3rd period - Shot Blocked by Brandon Carlo.
9:33 of 3rd period - Evan Bouchard is hit by Chris Kreider and loses puck.
9:58 of 3rd period - Filip Forsberg is hit by Jake DeBrusk and loses puck.
10:41 of 3rd period - Brett Pesce is hit by Alex DeBrincat and loses puck.
10:48 of 3rd period - Ryan Hartman is hit by Scott Mayfield and loses puck.
11:19 of 3rd period - Nicholas Paul is hit by Adrian Kempe and loses puck.
11:43 of 3rd period - Slapshot by Adrian Kempe.
11:43 of 3rd period - Goal by Adrian Kempe - Edmonton Oilers : 5 - Chicago Black Hawks : 2.
11:44 of 3rd period - Bo Horvat wins face-off versus Jeff Carter in neutral zone.
11:59 of 3rd period - Snap shot by Bo Horvat.
11:59 of 3rd period - Deflect By Filip Forsberg.
11:59 of 3rd period - Stopped by Juuse Saros with a rebound.
12:01 of 3rd period - Wrist shot by Cale Makar.
12:01 of 3rd period - Stopped by Juuse Saros with a rebound.
12:11 of 3rd period - Brayden Point is hit by Corey Perry and loses puck.
13:30 of 3rd period - Off-side.
13:31 of 3rd period - Ryan McLeod wins face-off versus Chris Kreider in neutral zone.
14:06 of 3rd period - Off-side.
14:07 of 3rd period - Jeff Carter wins face-off versus Jamie Benn in neutral zone.
15:32 of 3rd period - Snap shot by Jamie Benn.
15:32 of 3rd period - Shot Blocked by Brett Pesce.
15:56 of 3rd period - Ryan McLeod is hit by Sidney Crosby and loses puck.
16:19 of 3rd period - Evan Bouchard is hit by Seth Jones and loses puck.
16:40 of 3rd period - Wrist shot by Bo Horvat.
16:40 of 3rd period - Shot Blocked by Brandon Carlo.
17:04 of 3rd period - Slapshot by Marcus Pettersson.
17:04 of 3rd period - Stopped by Juuse Saros without a rebound.
17:05 of 3rd period - Sidney Crosby wins face-off versus Dawson Mercer in Edmonton Oilers zone.
17:10 of 3rd period - Wrist shot by Sidney Crosby.
17:10 of 3rd period - Shot Blocked by Morgan Barron.
17:12 of 3rd period - Wrist shot by Chris Kreider.
17:12 of 3rd period - Stopped by Juuse Saros with a rebound.
17:14 of 3rd period - Slapshot by Devon Toews.
17:14 of 3rd period - Shot Misses the Net.
17:16 of 3rd period - Slapshot by Travis Sanheim.
17:16 of 3rd period - Stopped by Juuse Saros without a rebound.
17:17 of 3rd period - Bo Horvat wins face-off versus Ryan McLeod in Edmonton Oilers zone.
18:06 of 3rd period - Snap shot by Lucas Raymond.
18:06 of 3rd period - Stopped by Juuse Saros with a rebound.
18:12 of 3rd period - Wrist shot by David Perron.
18:12 of 3rd period - Shot Misses the Net.
18:26 of 3rd period - Slapshot by Dawson Mercer.
18:26 of 3rd period - Stopped by Thatcher Demko without a rebound.
18:27 of 3rd period - Dawson Mercer wins face-off versus Alex DeBrincat in Chicago Black Hawks zone.
18:34 of 3rd period - Wrist shot by Dawson Mercer.
18:34 of 3rd period - Stopped by Thatcher Demko without a rebound.
18:35 of 3rd period - Boone Jenner wins face-off versus Bo Horvat in Chicago Black Hawks zone.
19:08 of 3rd period - Snap shot by Brock Boeser.
19:08 of 3rd period - Stopped by Thatcher Demko without a rebound.
19:09 of 3rd period - Jamie Benn wins face-off versus Jeff Carter in Chicago Black Hawks zone.
19:36 of 3rd period - Adrian Kempe is hit by Brandon Hagel and loses puck.
Goals for this period are 1 for Edmonton Oilers vs 1 for Chicago Black Hawks.
Shots for this period are 6 for Edmonton Oilers vs 11 for Chicago Black Hawks.
Back to the Top